 Dungeon Crawl Stone Soup version 0.29.1-12-g30fa7ad0bf (webtiles) character file.

Game seed: 14212199065300461381

4120 Jushak the Destroyer (level 10, -5/86 HPs)
             Began as a Grey Draconian Conjurer on Jan 11, 2023.
             Was a Believer of Sif Muna.
             Slain by a troll (11 damage)
             ... on level 9 of the Dungeon.
             The game lasted 01:11:42 (13161 turns).

Jushak the Destroyer (Grey Draconian Conjurer)     Turns: 13161, Time: 01:11:42

Health: -5/86      AC: 12    Str: 10    XL:     10   Next: 6%
Magic:  6/17       EV: 13    Int: 22    God:    Sif Muna [**....]
Gold:   522        SH:  0    Dex: 10    Spells: 6/19 levels left

rFire   . . .      SeeInvis .   f - +2 trident (vamp)
rCold   + . .      Faith    .   (no shield)
rNeg    . . .      Spirit   .   (body armour unavailable)
rPois   .          Reflect  .   (helmet restricted)
rElec   .          Harm     .   (no cloak)
rCorr   +          Rampage  .   (no gloves)
Will    .....                   (no boots)
Stlth   +++.......              (no amulet)
HPRegen 0.24/turn               r - ring of resist corrosion
MPRegen 0.15/turn               k - ring of protection from cold

@: about to teleport
A: AC +12, amphibious, unfitting armour, cold-blooded
a: Renounce Religion, Channel Magic


You were on level 9 of the Dungeon.
You worshipped Sif Muna.
Sif Muna was pleased with you.
You visited 2 branches of the dungeon, and saw 10 of its levels.

You collected 645 gold pieces.
You spent 123 gold pieces at shops.

Inventory:

Hand Weapons
 f - a +2 vampiric trident (weapon)
 D - a +0 trident of venom
 E - a +3 hand axe of venom
 F - a +0 whip
 G - a +0 whip
Missiles
 y - 8 poisoned darts
Armour
 H - a +0 chain mail
Magical Staves
 j - a staff of fire
Jewellery
 k - a ring of protection from cold (right hand)
 r - a ring of resist corrosion (left hand)
 z - a ring of see invisible
Wands
 o - a wand of polymorph (3)
 p - a wand of flame (81)
 B - a wand of charming (10)
 C - a wand of mindburst (19)
Scrolls
 d - a scroll of identify
 e - 3 scrolls of teleportation
 g - a scroll of enchant weapon
 i - a scroll of acquirement {unknown}
 l - 3 scrolls of brand weapon {unknown}
 m - 2 scrolls of amnesia {unknown}
 q - 3 scrolls of butterflies
 s - a scroll of immolation {unknown}
 t - a scroll of magic mapping {unknown}
 w - 2 scrolls of vulnerability {unknown}
 I - a scroll of enchant armour {unknown}
Potions
 a - a potion of magic
 b - 5 potions of heal wounds
 c - 2 potions of mutation {unknown}
 h - 3 potions of haste {unknown}
 n - 4 potions of curing
 u - a potion of lignification {unknown}
 v - 3 potions of brilliance {unknown}
 x - a potion of invisibility {unknown}
 A - a potion of flight {unknown}
 J - a potion of ambrosia {unknown}


   Skills:
 - Level 7.0 Fighting
 + Level 4.9 Dodging
 - Level 5.0 Stealth
 + Level 5.0 Spellcasting
 * Level 8.2 Conjurations
 - Level 5.0 Hexes
 + Level 3.6 Invocations


You had 6 spell levels left.
You knew the following spells:

 Your Spells              Type           Power      Damage    Failure   Level
a - Magic Dart            Conj           100%       1d8       1%          1
b - Searing Ray           Conj           84%        2d7       1%          2
c - Fulminant Prism       Conj/Hex       17%        3d11      7%          4
d - Passwall              Tmut/Erth      4%         N/A       16%         2
e - Iskenderun's Mystic   Conj/Tloc      23%        2d6       19%         4

Your spell library contained the following spells:

 Spells                   Type           Power      Damage    Failure   Level
 Foxfire                  Conj/Fire      92%        2x1d8     1%          1
 Dazzling Flash           Conj/Hex       68%        N/A       1%          3
 Ensorcelled Hibernation  Hex/Ice        32%        N/A       5%          2
 Conjure Flame            Conj/Fire      23%        6-21      5%          3
 Inner Flame              Hex/Fire       16%        N/A       11%         3
 Flame Wave               Conj/Fire      23%        2d8       19%         4
 Sticky Flame             Conj/Fire      23%        2d4       19%         4
 Ignite Poison            Fire/Tmut/Pois 5%         N/A       30%         3
 Swiftness                Air            5%         N/A       30%         3
 Blade Hands              Tmut           2%         N/A       95%         5
 Iron Shot                Conj/Erth      11%        9d3       96%         6
 Animate Armour           Summ/Erth      Unusable   N/A       N/A         4

Dungeon Overview and Level Annotations

Branches:
Dungeon (9/15)             Temple (1/1) D:4
   Lair: D:8-11         Orc: D:9-12

Altars:
Cheibriados
Dithmenos
Elyvilon
Fedhas
Gozag
Hepliaklqana
Kikubaaqudgha
Makhleb
Nemelex Xobeh
Okawaru
Qazlal
Sif Muna
Uskayaw
Vehumet
Wu Jian
Xom
Yredelemnul
Zin
The Shining One

Shops:
D:5 !   D:8 *

Annotations:
D:4 1 runed translucent door, exclusion: door, CerberUrsi's ghost, amateur DsMo
D:5 exclusion: two-headed ogre, Pikel; Sigmund
D:7 exclusion: door
D:8 exclusions: downstairs and kobold demonologist


Innate Abilities, Weirdness & Mutations

Your dull iron-grey scales are very hard. (AC +12)
You are amphibious.
You cannot fit into any form of body armour.
You are cold-blooded and may be slowed by cold attacks.


Message History

You finish channelling your searing ray.
The troll closely misses you. The troll claws you! The troll misses you.
Casting: Searing Ray (safe; 1% risk of failure)
Confirm with . or Enter, or press ? or * to list all spells.
Aiming: Searing Ray (safe; 1% risk of failure)
Press: ? - help, Shift-Dir - straight line, f/p - troll
Aim: a troll (heavily wounded, 82% to hit)
The searing ray hits the troll.
The troll is severely wounded. (Press . to maintain the ray.)
The troll bites you! The troll claws you but does no damage.
The troll closely misses you.
The searing ray hits the troll!
The troll is severely wounded.
The troll bites you but does no damage. The troll claws you!
The troll claws you.
The searing ray hits the troll.
The troll is severely wounded.
The troll closely misses you. The troll barely misses you. The troll claws you.
The searing ray misses the troll.
You finish channelling your searing ray.
The troll bites you! The troll claws you but does no damage.
The troll closely misses you.
As you read the scroll of teleportation, it crumbles to dust.
You feel strangely unstable. The troll bites you!
* * * LOW HITPOINT WARNING * * *
The troll claws you but does no damage. The troll claws you.
* * * LOW HITPOINT WARNING * * *
Casting: Searing Ray (safe; 1% risk of failure)
Confirm with . or Enter, or press ? or * to list all spells.
Aiming: Searing Ray (safe; 1% risk of failure)
Press: ? - help, Shift-Dir - straight line, f/p - troll
Aim: a troll (severely wounded, 82% to hit)
The searing ray hits the troll.
The troll is almost dead. (Press . to maintain the ray.)
The troll bites you!
* * * LOW HITPOINT WARNING * * *
The troll barely misses you. The troll claws you!
You die...

.............#
.......<.....#
.............#
.............#
.............#
.............#
.............#
########'##### #@T..#
###### #.#### .....#
#.# .....# #####.#####
.....# #.........#
.....+ #.........#
.....#.#####.........#
.....#...............#
.....#######.........#


You could see a troll.

Vanquished Creatures
  4 yaks
  2 wyverns
  6 water moccasins
  4 sky beasts
  3 orc warriors
  An ogre (D:4)
  2 centaurs
  A phantom (D:4)
  4 lemures
  A kobold brigand (D:7)
  A necrophage (D:6)
  2 gnoll sergeants
  A wyvern zombie (D:7)
  A scorpion (D:5)
  4 howler monkeys (D:9)
  2 bullfrog zombies (D:7)
  3 centaur zombies (D:7)
  7 hounds
  An orc priest (D:8)
  A gnoll bouda (D:8)
  3 jellies
  Jessica (D:2)
  Terence (D:2)
  Natasha (thrice) (D:2)
  An iguana (D:7)
  2 orc wizards (D:8)
  A killer bee zombie (D:7)
  13 gnolls
  12 adders
  4 shadow imps
  10 worms
  2 dart slugs
  19 orcs
  4 endoplasms
  5 giant cockroaches
  6 goblins
  7 hobgoblins
  4 jackals (D:2)
  9 kobolds
  3 quokkas (D:1)
  9 ball pythons
  3 bats
  A frilled lizard (D:1)
  10 rats
184 creatures vanquished.

Vanquished Creatures (others)
  11 fungi
  3 plants (D:9)
14 creatures vanquished.

Grand Total: 198 creatures vanquished

Notes
Turn   | Place    | Note
-------+----------+-------------------------------------------
     0 | D:1      | Jushak the Draconian Conjurer began the quest for the Orb.
     0 | D:1      | Reached XP level 1. HP: 14/14 MP: 3/3
   212 | D:1      | Reached XP level 2. HP: 22/22 MP: 0/5
   268 | D:1      | Reached skill level 1 in Fighting
  1019 | D:2      | Found a shimmering altar of Xom.
  1129 | D:2      | Reached XP level 3. HP: 29/29 MP: 1/6
  1305 | D:2      | Found a faded altar of an unknown god.
  1502 | D:3      | Learned a level 2 spell: Searing Ray
  1647 | D:2      | Reached XP level 4. HP: 36/36 MP: 3/7
  2035 | D:2      | Noticed Jessica
  2038 | D:2      | Killed Jessica
  2242 | D:2      | Noticed Terence
  2263 | D:2      | Killed Terence
  2264 | D:2      | Reached XP level 5. HP: 33/42 MP: 0/8
  2511 | D:2      | Noticed Natasha
  2520 | D:2      | Killed Natasha
  2605 | D:2      | Noticed Natasha
  2609 | D:2      | Killed Natasha
  2644 | D:2      | Noticed Natasha
  2649 | D:2      | Killed Natasha
  2650 | D:2      | Reached skill level 5 in Conjurations
  3681 | D:3      | Reached XP level 6. HP: 51/51 MP: 5/10
  4134 | D:4      | Found a runed translucent door.
  4134 | D:4      | Noticed CerberUrsi's ghost (amateur DsMo)
  4410 | D:4      | Found a staircase to the Ecumenical Temple.
  5145 | Temple   | Entered the Ecumenical Temple
  5321 | Temple   | Learned a level 4 spell: Fulminant Prism
  5322 | Temple   | Became a worshipper of Sif Muna the Loreminder
  5405 | D:5      | Entered Level 5 of the Dungeon
  5461 | D:5      | Found Vuociyd's Distillery.
  5503 | D:5      | Bought 2 potions of degeneration for 26 gold pieces
  5533 | D:5      | Your scales start taking on a dull iron-grey colour.
  5533 | D:5      | Reached XP level 7. HP: 59/59 MP: 2/11
  5631 | D:5      | Noticed Pikel
  6162 | D:5      | Noticed Sigmund
  6233 | D:5      | Reached skill level 1 in Hexes
  6582 | D:5      | You fall into a shaft and drop 2 floors!
  6902 | D:6      | Reached skill level 6 in Conjurations
  7576 | D:5      | Noticed a two-headed ogre
  7678 | D:5      | Reached skill level 5 in Fighting
  7802 | D:5      | Reached XP level 8. HP: 43/68 MP: 5/13
  8347 | D:5      | Reached * piety under Sif Muna
  9437 | D:7      | Reached skill level 1 in Invocations
  9532 | D:7      | Reached skill level 7 in Conjurations
  9532 | D:7      | Reached XP level 9. HP: 39/75 MP: 2/15
 10429 | D:7      | Found a basalt altar of Yredelemnul.
 10858 | D:8      | Found Iovial's Incredible Inventory.
 10872 | D:8      | Bought a scroll of enchant weapon for 97 gold pieces
 11016 | D:8      | Noticed a kobold demonologist
 11370 | D:7      | Reached ** piety under Sif Muna
 11508 | D:8      | Reached skill level 5 in Stealth
 11568 | D:8      | Learned a level 2 spell: Passwall
 11573 | D:8      | Learned a level 4 spell: Iskenderun's Mystic Blast
 11847 | D:8      | Reached skill level 5 in Hexes
 12111 | D:8      | Reached skill level 8 in Conjurations
 12774 | D:9      | Noticed a troll
 12857 | D:9      | Noticed a kobold demonologist
 12861 | D:9      | Noticed a kobold demonologist
 12948 | D:9      | Reached skill level 5 in Spellcasting
 12948 | D:9      | Reached XP level 10. HP: 71/86 MP: 9/17
 13161 | D:9      | Slain by a troll

Illustrated notes

Levels and vault maps discovered:
D:1:      minmay_arrival_semitransparent, layout_basic, minmay_pentomino_u4
D:2:      minmay_chambers_of_ones, layout_basic,
          dreamdust_ecumenical_altar_grove, basic_altar, uniq_natasha,
          uniq_jessica, uniq_terence
D:3:      layout_rooms
D:4:      minmay_chambers_of_twos, layout_gridville, minmay_temple_entry_waves,
          hellmonk_ghost_happy_afterlife
D:5:      layout_loops_ring, serial_shops, shop_fountains,
          kb_lookout_dungeons_type, nicolae_wormholes, uniq_pikel, uniq_sigmund
D:6:      layout_basic, minmay_crystal_room
D:7:      minmay_octagon_keep, layout_cave_pools,
          nicolae_yredelemnul_corpse_copse, hangedman_abyss_or_decor_lesser_grid
D:8:      layout_layer_cave, nicolae_alphabet_shops
D:9:      layout_roguey, dpeg_oklobed_lair
Temple:   nicolae_temple_bog_church

Skill      XL: |  1  2  3  4  5  6  7  8  9 |
---------------+----------------------------+-----
Fighting       | 1 2 3 4 5 6 7 |  7.0
Stealth        | 2 3 4 5 |  5.0
Dodging        | 2 3 4 |  4.9
Conjurations   | 5 6 7 8 |  8.2
Spellcasting   | 3 4 5 |  5.0
Hexes          | 2 3 5 |  5.0
Invocations    | 1 3 |  3.6

Action                   |  1- 3 |  4- 6 |  7- 9 | 10-12 || total
-------------------------+-------+-------+-------+-------++-------
Melee: Unarmed           |     7 |       |       |       ||     7
       Club              |       |     2 |     4 |       ||     6
       Long sword        |       |       |     1 |       ||     1
       Trident           |       |       |     4 |       ||     4
 Cast: Magic Dart        |    69 |    30 |    13 |     1 ||   113
       Searing Ray       |     3 |    33 |   113 |     6 ||   155
Invok: Channel Magic     |       |       |     2 |       ||     2
Evoke: Wand              |       |       |     2 |       ||     2
  Use: Scroll            |       |     3 |     5 |     1 ||     9
       Potion            |       |       |     1 |       ||     1
Armor: Skin              |     7 |     7 |    79 |     8 ||   101
Dodge: Dodged            |    17 |    14 |   108 |     8 ||   147
